 Dungeon Crawl Stone Soup version 0.31-a0-459-gc8a9bf3d51 (console) character file.

Game seed: 3645008886323691383

1 Lexodia the Firebug (level 1, 0/10 HPs)
             Began as a Tengu Fire Elementalist on Aug 3, 2023.
             Slain by a quokka (4 damage)
             ... on level 1 of the Dungeon.
             The game lasted 00:00:15 (53 turns).

Lexodia the Firebug (Tengu Fire Elementalist)         Turns: 53, Time: 00:00:16

Health: 0/10       AC:  2    Str:  8    XL:     1   Next: 20%
Magic:  0/4        EV: 12    Int: 15    God:
Gold:   7          SH:  0    Dex: 14    Spells: 3/4 levels left

rFire   . . .        (no weapon)
rCold   . . .        (no shield)
rNeg    . . .        a - +0 robe
rPois   .            (helmet restricted)
rElec   .            (no cloak)
rCorr   .            (no gloves)
SInv    .            (boots unavailable)
Will    .....        (no amulet)
Stlth   ++           (no ring)
HPRegen 0.21/turn    (no ring)
MPRegen 0.09/turn

%: no passive effects
@: very slightly contaminated
A: beak, talons 3
a: no special abilities


You were on level 1 of the Dungeon.
You visited 1 branch of the dungeon, and saw 1 of its levels.

You collected 7 gold pieces.

Inventory:

Armour
 a - a +0 robe (worn)
Potions
 b - a potion of magic


   Skills:
 - Level 2.1 Dodging
 - Level 2.0 Stealth
 - Level 2.0 Spellcasting
 + Level 1.7 Conjurations
 - Level 3.2 Fire Magic


You had 3 spell levels left.
You knew the following spells:

 Your Spells              Type           Power      Damage    Failure   Level
a - Foxfire               Conj/Fire      32%        2x1d5     9%          1

Your spell library contained the following spells:

 Spells                   Type           Power      Damage    Failure   Level
 Scorch                   Fire           22%        2d5       9%          2
 Inner Flame              Hex/Fire       6%         N/A       34%         3
 Volatile Blastmotes      Fire/Tloc      12%        2d11      34%         3
 Flame Wave               Conj/Fire      8%         2d5       63%         4


Dungeon Overview and Level Annotations

Branches:
Dungeon (1/15)

Altars:


Innate Abilities, Weirdness & Mutations

You have a beak for a mouth.
You have claws for feet.


Message History

A quokka comes into view.
A frilled lizard comes into view.
There is an open door here.
Found a fuming golden potion.
You conjure some foxfire!
You miscast Foxfire.
You are very lightly contaminated with residual magic.
Nothing appears to happen.
The foxfire hits the giant cockroach but does no damage.
The foxfire hits the giant cockroach.
You kill the giant cockroach!
A bat comes into view.
You miscast Foxfire.
Nothing appears to happen.
The quokka bites you.
Damage: -20%(-2hp) hp: 80%(8hp) Unknown command.
You conjure some foxfire!
The quokka barely misses you.
The foxfire hits the bat but does no damage.
You are out of magic!
You are out of magic!
Your foxfire dissipates!
The bat closely misses you.
There is an open door here.
You miss the quokka. Your kick misses the quokka. The quokka bites you.
Huge Dmg: -30%(-3hp) hp: 60%(6hp)
You hit the quokka. You claw the quokka, but do no damage. You peck the quokka.
The quokka is moderately wounded.
The quokka closely misses you. The quokka bites you.
Damage: -10%(-1hp) hp: 50%(5hp)
You hit the quokka.
The quokka is severely wounded.
The quokka barely misses you.
You closely miss the quokka. You peck the quokka, but do no damage.
The quokka is severely wounded.
The quokka bites you.
The frilled lizard hisses.
Damage: -10%(-1hp) hp: 40%(4hp) Unknown command.
You hit the quokka but do no damage. You peck the quokka.
The quokka is almost dead.
The quokka bites you.
You die...

#..##..........
##..............
................
..............
#.:..........
#............
#....lb......
###########r###########
#........'8@8+........#
#........#...#........#
#...⌠....##+##....⌠...#
##...................##
######....<....######
##.......## #########


You could see a quokka, a bat and a frilled lizard.

Vanquished Creatures
  A giant cockroach (D:1)
1 creature vanquished.

Vanquished Creatures (others)
  2 foxfires (D:1)
2 creatures vanquished.

Grand Total: 3 creatures vanquished

Notes
Turn   | Place    | Note
-------+----------+-------------------------------------------
     0 | D:1      | Lexodia the Tengu Fire Elementalist began the quest for the
                  | Orb.
     0 | D:1      | Reached XP level 1. HP: 10/10 MP: 4/4
    50 | D:1      | Huge Dmg: 3 dmg
    53 | D:1      | Slain by a quokka

Illustrated notes

Levels and vault maps discovered:
D:1:      giann_wishing_wells, layout_rooms, basic_ecumenical_altar,
          minmay_crystal_water, minmay_pentomino_z4

Action                     || total
---------------------------++-------
  Melee: Unarmed           ||     5
         Peck              ||     3
         Kick              ||     1
   Cast: Foxfire           ||     2
  Dodge: Dodged            ||     4

Table legend: (Time is in decaauts)
 A = Elapsed time spent in this place.
 B = Non-inter-level travel time spent in this place.
 C = Inter-level travel time spent in this place.
 D = Time resting spent in this place.
 E = Time spent auto-exploring this place.
 F = Levels seen in this place.
 G = Mean time per level.
                   A        B        C        D        E       F      G
               +--------+--------+--------+--------+--------+-----+--------+
         Total |     53 |     53 |      0 |      0 |     40 |   1 |   53.0 |
       Dungeon |     53 |     53 |      0 |      0 |     40 |   1 |   53.0 |
               +--------+--------+--------+--------+--------+-----+--------+

Top non-repeatable levels by time:
     D:1: 53 daAuts
